 Dungeon Crawl Stone Soup version 0.28-a0-657-g71136c5590 (webtiles) character file.

Game seed: 15767465369741798029

93 Sabo the Skirmisher (level 4, 0/37 HPs)
             Began as a Formicid Fighter on Oct 13, 2021.
             Was an Initiate of Qazlal.
             Killed by nerve-wracking pain
             ... invoked by Grinder
              (12 damage)
             ... on level 3 of the Dungeon.
             The game lasted 00:10:42 (2715 turns).

Sabo the Skirmisher (Formicid Fighter)              Turns: 2715, Time: 00:10:43

Health: 0/37       AC:  9    Str: 21    XL:     4   Next: 92%
Magic:  4/4        EV:  7    Int:  8    God:    Qazlal [......]
Gold:   99         SH:  4    Dex: 10    Spells: 3/3 levels left

rFire   . . .      SeeInvis +   a - +0 war axe
rCold   . . .      Faith    .   c - +0 buckler
rNeg    . . .      Spirit   .   m - +0 chain mail
rPois   +          Reflect  .   (helmet unavailable)
rElec   .          Harm     .   (no cloak)
rCorr   .          Rampage  .   (no gloves)
Will    .....                   (no boots)
Stlth   ..........              (no amulet)
HPRegen 0.12/turn               s - ring of poison resistance
MPRegen 0.09/turn               (no ring)

@: no status effects
A: permanent stasis, dig shafts and tunnels, antennae 3, four strong arms
a: Dig, Shaft Self, Renounce Religion


You were on level 3 of the Dungeon.
You worshipped Qazlal.
Qazlal was noncommittal.
You visited 1 branch of the dungeon, and saw 3 of its levels.

You collected 99 gold pieces.

Inventory:

Hand Weapons
 a - a +0 war axe (weapon)
Missiles
 g - 43 arrows
 j - 5 boomerangs
 k - 18 bolts
 p - 18 sling bullets
 q - 14 poisoned darts (quivered)
Armour
 c - a +0 buckler (worn)
 m - a +0 chain mail (worn)
Jewellery
 s - a ring of poison resistance (left hand)
Scrolls
 f - a scroll of immolation {unknown}
 h - a scroll of blinking {unknown}
 l - a scroll of identify {unknown}
 n - a scroll of magic mapping {unknown}
 o - a scroll of noise {unknown}
 r - 2 scrolls of amnesia {unknown}
Potions
 b - a potion of berserk rage {unknown}
 d - a potion of might
 e - 2 potions of magic {unknown}
 i - 2 potions of cancellation {unknown}


   Skills:
 + Level 4.2 Fighting
 + Level 3.0 Axes
 + Level 4.1 Armour
 + Level 0.3 Stealth
 + Level 3.9 Shields


You had 3 spell levels left.
You didn't know any spells.
Your spell library contained the following spells:

 Spells                   Type           Power      Damage    Failure   Level
 Animate Dead             Necr           0%         N/A       100%        4
 Borgnjor's Vile Clutch   Necr/Erth      0%         N/A       100%        5
 Death Channel            Necr           0%         N/A       100%        6
 Chain Lightning          Conj/Air       0%         N/A       100%        9
 Fire Storm               Conj/Fire      0%         5d1       100%        9
 Shatter                  Erth           0%         3d5*      100%        9


Dungeon Overview and Level Annotations

Branches:
Dungeon (3/15)

Altars:
Qazlal

Annotations:
D:3 Grinder


Innate Abilities, Weirdness & Mutations

You cannot be hasted, slowed, berserked, paralysed or teleported.
You can dig through walls and to a lower floor.
You have a pair of large antennae on your head. (SInv)
Your four strong arms can wield two-handed weapons with a shield.


Message History

Grinder blinks!
A hobgoblin comes into view.
The hobgoblin shouts!
Grinder blinks!
Throw: 16 darts (poison)
Press: ? - help, Q - select action, (/) - cycle Shift-Dir - straight line, f - Grinder
Aim: Grinder (53% to hit)
You throw a poisoned dart.
The poisoned dart closely misses Grinder.
Throw: 15 darts (poison)
Press: ? - help, Q - select action, (/) - cycle Shift-Dir - straight line, f/p - Grinder
Aim: Grinder (53% to hit)
You throw a poisoned dart. The poisoned dart hits Grinder.
Grinder is poisoned.
Grinder gestures at you. Pain shoots through your body! Grinder hits you.
You writhe in agony.
You slash Grinder!
Grinder is moderately wounded.
Grinder says, "DUCK!"
Grinder hits you but does no damage. Grinder gestures at you.
Pain shoots through your body!
You hit Grinder but do no damage.
Grinder is moderately wounded.
Grinder hits you but does no damage.
You slash Grinder!
Grinder is heavily wounded.
Grinder hits you.
You writhe in agony.
* * * LOW HITPOINT WARNING * * *
The hobgoblin barely misses you.
You slash Grinder!
Grinder is severely wounded.
You hit the hobgoblin but do no damage.
Grinder looks more healthy.
Grinder blinks!
The hobgoblin barely misses you.
You slash the hobgoblin!
You kill the hobgoblin!
Qazlal accepts your kill. Grinder gestures at you.
Pain shoots through your body!
You die...

#........ ##.....##
#........ ##.......##
#........ #........(#
#........ #.........#
#........ #.........#
#........ #.........#
###....)... #......>..#
#........#. #.....@...#
#........#.
#.....†...###........#.
#...........#........#.
#....................#.
#.....5)...........###.
##.....?.......#...###.
##............##......
###..........###.....
#..............##..


You could see Grinder.

Vanquished Creatures
  An orc wizard (D:3)
  A hound skeleton (D:3)
  2 adders (D:3)
  A dart slug (D:1)
  4 orcs (D:3)
  A ball python (D:1)
  A bat (D:1)
  5 endoplasms
  A giant cockroach (D:2)
  3 goblins (D:1)
  3 hobgoblins
  5 frilled lizards
  3 kobolds
  4 rats
35 creatures vanquished.

Notes
Turn   | Place    | Note
-------+----------+-------------------------------------------
     0 | D:1      | Sabo the Formicid Fighter began the quest for the Orb.
     0 | D:1      | Reached XP level 1. HP: 18/18 MP: 1/1
   379 | D:1      | Reached XP level 2. HP: 21/24 MP: 2/2
  1567 | D:2      | Found a faded altar of an unknown god.
  1572 | D:2      | Found a stormy altar of Qazlal.
  1602 | D:2      | Became a worshipper of Qazlal Stormbringer
  1792 | D:2      | Reached XP level 3. HP: 27/30 MP: 3/3
  2347 | D:3      | Reached XP level 4. HP: 30/37 MP: 4/4
  2696 | D:3      | Noticed Grinder
  2715 | D:3      | Killed from afar by Grinder

Illustrated notes

Levels and vault maps discovered:
D:1:      mainiacjoe_arrival_reflecting_pool, layout_basic,
          chequers_decorated_corner
D:2:      layout_basic, dreamdust_ecumenical_altar_statues, basic_altar,
          grunt_ministairs_15
D:3:      layout_rooms, uniq_grinder

Skill      XL: |  1  2  3  4 |
---------------+-------------+-----
Fighting       | 4 |  4.2
Armour         | 4 |  4.1
Axes           | 3 |  3.0
Stealth        | |  0.3
Shields        | |  3.9

Action                   |  1- 3 |  4- 6 || total
-------------------------+-------+-------++-------
Melee: War axe           |    74 |    32 ||   106
Throw: Dart              |       |     2 ||     2
 Abil: Dig               |     7 |       ||     7
Armor: Scale mail        |    19 |       ||    19
       Chain mail        |    11 |    19 ||    30
Dodge: Dodged            |    32 |    11 ||    43
Block: Buckler           |    11 |     5 ||    16

Table legend: (Time is in decaauts)
 A = Elapsed time spent in this place.
 B = Non-inter-level travel time spent in this place.
 C = Inter-level travel time spent in this place.
 D = Time resting spent in this place.
 E = Time spent auto-exploring this place.
 F = Levels seen in this place.
 G = Mean time per level.
                   A        B        C        D        E       F      G
               +--------+--------+--------+--------+--------+-----+--------+
         Total |   2769 |   2769 |      0 |    632 |      0 |   3 |  923.0 |
       Dungeon |   2769 |   2769 |      0 |    632 |      0 |   3 |  923.0 |
               +--------+--------+--------+--------+--------+-----+--------+

Top non-repeatable levels by time:
     D:1: 1508 daAuts
     D:2: 798 daAuts
     D:3: 462 daAuts
